Map: Mothership LE

Players

LiquidClem (Clem) - Winner!

  • Race: Terran Terran
  • Spawn Location: 9:00

FalconsSolar (Solar)

  • Race: Zerg Zerg
  • Spawn Location: 1:00

VOD

Have the link to the VOD?

Description

Time

  • Played on: Nov. 24, 2025, 1:28 p.m.
  • Length: 14:56
Show
View Real Time Build Order
Export as new Build Order

LiquidClem Terran - Winner!

Build Orders: Reaper Expand, Hellion Banshee 

Get SALT Encoding   

  12  0:00  SCV  
  13  0:12  SCV  
  14  0:17  Supply Depot  
  14  0:24  SCV  
  15  0:39  SCV, Barracks  
  16  0:43  Refinery  
  16  0:51  SCV  
  17  1:03  SCV  
  18  1:15  SCV  
  19  1:26  Reaper  
  19  1:27  Orbital Command  
  20  1:39  Command Center  
  20  1:47  Supply Depot  
  20  1:53  SCV  
  21  1:58  Marine  
  22  2:05  SCV  
  23  2:11  Factory  
  23  2:17  SCV  
  24  2:23  Barracks Reactor  
  24  2:29  SCV  
  25  2:43  SCV  
  26  2:44  Command Center  
  26  2:51  Orbital Command  
  26  2:57  SCV  
  27  3:05  Starport  
  27  3:09  Hellion  
  27  3:10  SCV  
  30  3:14  Refinery  
  30  3:19  Hellion  
  32  3:23  SCV  
  32  3:24  Barracks Tech Lab  
  33  3:27  SCV  
  33  3:32  Hellion  
  36  3:35  SCV  
  36  3:40  Hellion  
  39  3:41  SCV  
  39  3:48  SCV  
  41  3:53  Marine, Banshee  
  45  3:56  Orbital Command  
  45  3:57  SCV  
  45  4:01  Cloaking Field  
  46  4:03  SCV  
  46  4:07  Hellion  
  46  4:09  SCV  
  50  4:11  Hellion  
  50  4:15  Supply Depot, Barracks Tech Lab  
  52  4:18  SCV  
  52  4:21  SCV  
  52  4:22  SCV  
  55  4:30  SCV  
  56  4:31  Barracks  
  56  4:33  SCV  
  56  4:35  Banshee  
  56  4:37  SCV  
  61  4:39  Barracks  
  61  4:42  SCV  
  61  4:44  Factory Reactor  
  62  4:46  Marine  
  62  4:47  Supply Depot  
  62  4:48  SCV  
  62  4:49  SCV  
  65  4:55  Refinery x2  
  65  4:56  SCV  
  66  5:01  Engineering Bay  
  66  5:02  SCV, Engineering Bay  
  66  5:03  SCV  
  68  5:08  SCV  
  68  5:11  Supply Depot  
  68  5:13  Supply Depot  
  69  5:14  SCV  
  69  5:15  SCV  
  69  5:16  Marine, Stimpack  
  72  5:23  SCV  
  72  5:25  Orbital Command  
  72  5:26  SCV  
  74  5:30  Marine x2  
  74  5:31  Starport Reactor  
  74  5:33  Terran Infantry Armor Level 1, Terran Infantry Weapons Level 1  
  74  5:34  Marine x2  
  74  5:35  Supply Depot, SCV  
  78  5:36  Marine  
  78  5:41  Supply Depot, SCV  
  81  5:45  Siege Tank  
  81  5:48  SCV  
  85  5:51  Marine  
  85  5:52  SCV  
  85  5:53  SCV  
  88  5:58  Marine x2, Supply Depot  
  88  6:00  Marine, SCV  
  92  6:04  Marine, SCV  
  92  6:05  SCV  
  92  6:09  Supply Depot  
  92  6:11  Medivac x2  
  97  6:12  SCV  
  97  6:14  Marine  
  97  6:16  SCV  
  97  6:17  Marine, SCV  
  102  6:21  Siege Tank  
  102  6:23  Supply Depot  
  105  6:26  Barracks  
  105  6:28  SCV, Barracks  
  106  6:33  SCV x2  
  106  6:34  Marine x2  
  106  6:37  Marine x2  
  106  6:39  Marine, Supply Depot  
  113  6:44  Refinery  
  113  6:48  Medivac x2  
  113  6:50  Supply Depot, SCV  
  113  6:52  Marine x2  
  120  6:55  Combat Shield  
  120  6:57  Armory  
  120  6:58  SCV, Factory  
  121  7:01  Marine, Supply Depot  
  121  7:02  Missile Turret  
  121  7:04  Marine x2  
  124  7:10  Marine  
  124  7:12  Marine  
  126  7:17  Supply Depot, Barracks Reactor  
  126  7:18  Medivac x2, Supply Depot, Barracks Reactor  
  126  7:19  Marine  
  126  7:22  Marine  
  132  7:26  Command Center, SCV  
  133  7:30  Refinery  
  133  7:31  Marine x2  
  133  7:34  Marine  
  138  7:37  Marine, Widow Mine  
  138  7:40  Marine  
  140  7:46  Terran Infantry Armor Level 2, Terran Infantry Weapons Level 2  
  140  7:49  Marine x2, Factory Reactor  
  140  7:51  Supply Depot  
  142  7:52  Marine  
  142  7:54  Marine x2  
  142  7:55  Marine x3  
  142  7:58  Marine  
  149  8:01  Widow Mine  
  151  8:06  Marine x2  
  151  8:09  Sensor Tower  
  151  8:11  Barracks  
  151  8:12  Barracks  
  153  8:14  Barracks  
  153  8:15  Marine x5  
  153  8:16  Marine x2  
  153  8:19  Medivac  
  162  8:22  Medivac  
  162  8:23  SCV x2  
  162  8:24  Marine  
  166  8:27  Marine  
  166  8:33  Marine, Supply Depot  
  168  8:37  Widow Mine  
  168  8:38  Widow Mine x2  
  168  8:40  Marine  
  175  8:42  Marine, SCV  
  175  8:47  Marine x2  
  175  8:48  Marine x2  
  180  8:50  Marine  
  180  8:51  SCV  
  182  8:57  Medivac  
  182  8:59  Sensor Tower, Widow Mine x3  
  182  9:02  Barracks Tech Lab  
  189  9:04  Marine x2, Barracks Tech Lab x2  
  189  9:08  Marine  
  184  9:11  SCV  
  184  9:13  SCV  
  184  9:16  Marine  
  172  9:19  Marine  
  172  9:20  Widow Mine x3  
  172  9:21  SCV  
  165  9:24  Medivac  
  165  9:25  Marine x7, Marauder x2  
  165  9:26  Marine  
  169  9:34  Marine  
  169  9:36  Marine, SCV  
  172  9:41  Medivac  
  172  9:42  Widow Mine x2  
  172  9:43  Marine x5  
  172  9:44  Marine  
  172  9:45  Marine, Widow Mine  
  167  9:47  Marine x3  
  167  9:51  Marine  
  161  9:54  Marine  
  149  10:00  Marine  
  149  10:01  Marauder  
  149  10:02  Command Center  
  149  10:05  Marine  
  149  10:06  Widow Mine x2  
  149  10:07  Marine  
  149  10:09  Marine x2  
  149  10:12  Medivac  
  149  10:13  Marine x2  
  134  10:14  Medivac  
  134  10:17  Terran Infantry Weapons Level 3  
  126  10:21  Terran Infantry Armor Level 3  
  126  10:22  Marine x2  
  126  10:23  Marine  
  126  10:24  Marine  
  126  10:26  Marine x2  
  129  10:28  Drilling Claws  
  129  10:30  Widow Mine  
  129  10:32  Marine, Widow Mine x2  
  129  10:35  Marine  
  132  10:36  Marine x3  
  135  10:42  Concussive Shells  
  135  10:44  Marine  
  135  10:45  Marine x2  
  138  10:52  Marine x2, Widow Mine  
  138  10:53  Marauder x2  
  138  10:54  Marauder, Widow Mine x2  
  138  10:55  Marauder  
  138  10:56  Marine x3  
  157  10:59  Supply Depot  
  157  11:03  Marine  
  158  11:06  Liberator x2  
  158  11:10  Ghost Academy  
  164  11:13  Marine, Widow Mine  
  164  11:14  Marine x2, Marauder  
  164  11:15  Widow Mine  
  173  11:20  Widow Mine  
  173  11:22  Marine  
  173  11:23  Marine  
  173  11:24  Marauder  
  179  11:26  Marine x2  
  179  11:27  Marauder, Marine  
  179  11:28  Marauder  
  179  11:31  Sensor Tower  
  179  11:32  Terran Vehicle And Ship Armor Level 1  
  182  11:33  Marine  
  182  11:35  Widow Mine  
  182  11:36  Marauder  
  187  11:40  Widow Mine  
  187  11:42  Widow Mine  
  187  11:43  Marine  
  187  11:45  Marine  
  187  11:46  Marauder  
  195  11:53  Medivac  
  197  11:56  Planetary Fortress  
  197  12:02  Ghost  
  199  12:09  Refinery  
  199  12:12  Marine  
  199  12:13  Refinery  
  200  12:18  Marine  
  200  12:19  Marine  
  200  12:20  Marauder x2  
  200  12:22  Widow Mine  
  200  12:26  Marine x2  
  188  12:31  Marine  
  188  12:32  Medivac  
  188  12:34  Marine, Ghost  
  188  12:35  Marine x3  
  173  12:37  Widow Mine  
  173  12:40  Ghost  
  173  12:41  Ghost  
  167  12:51  Medivac  
  167  12:52  Marine, Ghost  
  167  12:54  Widow Mine  
  167  12:57  Widow Mine  
  165  12:59  Marine, Widow Mine  
  165  13:02  Medivac, Ghost  
  170  13:07  Marine x2  
  170  13:09  Ghost x2  
  170  13:10  Marine  
  162  13:14  Marine  
  162  13:16  Widow Mine  
  162  13:18  Marine, Widow Mine  
  162  13:19  Marine  
  165  13:21  Ghost  
  165  13:24  Marine, Widow Mine  
  165  13:25  Marine  
  164  13:31  Ghost  
  153  13:37  Widow Mine  
  153  13:38  Ghost  
  153  13:39  Widow Mine, Ghost  
  153  13:41  Marine  
  152  13:43  Marine, SCV  
  152  13:46  Marine  
  152  13:47  SCV  
  142  13:53  Marine, Widow Mine  
  130  13:57  Marine  
  130  14:00  Widow Mine  
  130  14:02  Marine, SCV  
  131  14:03  SCV x2  
  131  14:08  SCV  
  130  14:11  Marine  
  130  14:12  Marine  
  130  14:15  Widow Mine, SCV  
  131  14:20  Medivac  
  131  14:24  Medivac  
  131  14:29  Marine, Widow Mine  
  131  14:31  Marine x2  
  130  14:33  Marine, Widow Mine  
  130  14:35  Marine  
Show
View Real Time Build Order
Export as new Build Order

FalconsSolar Zerg 

Build Orders: Hatch First, Lurkers 

Get SALT Encoding   

  12  0:00  Drone  
  13  0:07  Drone  
  14  0:16  Drone, Extractor  
  15  0:22  Overlord  
  15  0:41  Drone  
  16  0:46  Hatchery  
  15  0:50  Drone  
  15  0:53  Drone  
  15  0:56  Drone  
  18  1:08  Extractor  
  17  1:14  Spawning Pool  
  17  1:15  Drone  
  17  1:19  Drone  
  18  1:27  Drone  
  19  1:37  Drone  
  20  1:49  Drone  
  21  2:00  Queen x2  
  25  2:01  Zergling x4  
  27  2:12  Metabolic Boost  
  27  2:14  Zergling x2  
  28  2:16  Overlord  
  28  2:27  Extractor  
  28  2:28  Drone  
  28  2:35  Drone  
  28  2:36  Drone, Extractor  
  28  2:37  Queen  
  30  2:42  Overlord  
  33  2:44  Drone x2  
  34  2:55  Drone  
  36  3:01  Hatchery  
  36  3:04  Drone x2  
  37  3:08  Drone  
  37  3:09  Drone  
  37  3:10  Drone  
  40  3:17  Overlord  
  41  3:20  Drone x3  
  41  3:22  Drone  
  41  3:26  Spore Crawler  
  43  3:27  Drone  
  45  3:35  Queen  
  45  3:39  Queen  
  45  3:41  Overlord  
  49  3:47  Drone x3  
  52  3:52  Overlord  
  52  3:59  Zergling x2  
  52  4:00  Drone  
  52  4:01  Drone x4  
  57  4:11  Zergling x2  
  57  4:14  Queen  
  57  4:15  Queen  
  57  4:16  Drone x2  
  64  4:25  Drone x3  
  64  4:30  Lair  
  67  4:31  Overlord  
  67  4:33  Drone  
  67  4:36  Drone  
  69  4:40  Spore Crawler  
  69  4:44  Zergling x8  
  72  4:47  Drone  
  72  4:48  Drone, Extractor  
  73  4:52  Queen  
  75  5:00  Overlord  
  75  5:01  Drone x3, Baneling Nest  
  75  5:02  Drone x2  
  75  5:05  Spore Crawler, Hatchery  
  77  5:08  Drone x3  
  77  5:13  Drone x2  
  81  5:21  Spore Crawler, Drone x3  
  84  5:24  Evolution Chamber  
  84  5:25  Overlord  
  84  5:26  Drone x2  
  84  5:27  Evolution Chamber  
  83  5:28  Overseer  
  83  5:32  Drone x3  
  83  5:33  Drone, Extractor x2  
  83  5:35  Drone  
  86  5:36  Extractor  
  86  5:37  Drone  
  86  5:43  Drone x3  
  86  5:46  Centrifugal Hooks  
  86  5:48  Overlord  
  86  5:49  Drone  
  90  5:53  Zerg Ground Armor Level 1, Drone  
  90  5:54  Drone  
  92  5:57  Overlord  
  92  5:58  Zergling x4  
  92  6:03  Zerg Melee Weapons Level 1  
  94  6:04  Drone x2  
  94  6:05  Drone x2  
  94  6:06  Overlord  
  98  6:14  Zergling x6, Overlord  
  98  6:15  Hydralisk Den  
  100  6:21  Zergling x6  
  100  6:23  Queen  
  105  6:26  Overlord  
  105  6:28  Drone  
  105  6:29  Drone  
  105  6:32  Drone  
  108  6:35  Drone  
  108  6:36  Drone  
  108  6:39  Drone  
  111  6:40  Drone  
  111  6:42  Overlord  
  111  6:43  Drone  
  111  6:44  Muscular Augments, Zergling x2  
  111  6:45  Zergling x10  
  119  6:49  Baneling x10  
  119  6:50  Zergling x2  
  119  6:51  Zergling x2  
  119  6:54  Drone, Overlord  
  121  6:59  Extractor  
  121  7:03  Drone x3, Overlord  
  121  7:04  Hydralisk x3  
  130  7:09  Zergling x10  
  134  7:17  Hatchery  
  134  7:19  Queen  
  134  7:21  Drone x2, Overlord  
  137  7:23  Baneling x3  
  137  7:24  Overlord  
  137  7:25  Zergling x4  
  137  7:28  Hydralisk  
  137  7:29  Hydralisk  
  143  7:33  Zergling x6  
  146  7:37  Hydralisk x6  
  146  7:39  Overlord  
  146  7:40  Overlord  
  146  7:43  Overseer  
  158  7:48  Grooved Spines, Zergling x10  
  158  7:51  Zergling x4  
  164  7:52  Overlord  
  164  7:55  Baneling x3  
  164  7:58  Hydralisk  
  164  8:03  Hydralisk x5, Hatchery  
  164  8:05  Overlord  
  176  8:07  Zergling x6  
  176  8:09  Pneumatized Carapace  
  176  8:10  Hydralisk  
  176  8:11  Zergling x2  
  182  8:13  Zergling x2  
  182  8:14  Zergling x4  
  182  8:16  Zerg Missile Weapons Level 1  
  183  8:21  Zergling x10  
  183  8:23  Zerg Ground Armor Level 2  
  183  8:30  Zergling x8  
  183  8:32  Extractor, Hydralisk x3  
  192  8:36  Hydralisk  
  192  8:39  Baneling x3  
  192  8:40  Zergling x8  
  198  8:44  Zergling x2  
  199  8:57  Baneling x12  
  199  9:03  Zergling x2  
  199  9:08  Zergling x6  
  197  9:14  Zergling x20  
  198  9:18  Zergling x2  
  198  9:20  Hydralisk x3  
  198  9:21  Hydralisk  
  198  9:27  Zergling x4  
  198  9:29  Zergling x2, Infestation Pit  
  195  9:35  Zergling x10  
  195  9:37  Baneling x2  
  195  9:38  Baneling x14  
  199  9:40  Zergling x4  
  193  9:46  Hydralisk x2  
  193  9:48  Hydralisk x2  
  193  9:50  Zergling x2  
  189  9:55  Zergling x12  
  189  9:56  Zergling x4  
  183  10:00  Zergling x4  
  183  10:02  Overseer x4  
  183  10:06  Zergling x6  
  182  10:12  Hive, Zergling x6  
  156  10:15  Hydralisk x3  
  156  10:20  Zergling x6  
  151  10:22  Hydralisk  
  151  10:23  Hydralisk  
  149  10:32  Zergling x8  
  149  10:34  Drone  
  153  10:37  Drone  
  153  10:38  Drone x7  
  153  10:39  Zergling x2  
  153  10:40  Extractor  
  153  10:41  Baneling x11  
  161  10:43  Zerg Melee Weapons Level 2  
  161  10:45  Zergling x12  
  161  10:46  Zergling x8  
  169  10:50  Zergling x2  
  169  10:53  Zergling x4, Hatchery  
  169  10:57  Lurker Den  
  170  10:58  Zergling x4  
  170  11:00  Baneling x2, Hydralisk  
  175  11:04  Zergling x4  
  175  11:08  Zerg Missile Weapons Level 2  
  175  11:10  Zergling x20  
  186  11:11  Overlord x2  
  186  11:12  Overlord  
  186  11:21  Zergling x8  
  181  11:26  Zergling x2  
  181  11:27  Zergling x8  
  181  11:32  Zergling x2  
  181  11:33  Viper  
  181  11:35  Adrenal Glands  
  184  11:40  Zergling x16  
  184  11:41  Zergling x6  
  184  11:42  Drone  
  184  11:43  Drone x2  
  196  11:50  Hatchery  
  184  11:57  Seismic Spines  
  182  12:04  Lurker x5  
  182  12:06  Zergling x22  
  198  12:10  Hydralisk  
  198  12:13  Baneling x7  
  198  12:19  Hydralisk x2  
  198  12:20  Zergling x12  
  196  12:24  Zergling x6  
  196  12:29  Hydralisk x3  
  183  12:31  Zergling x2  
  183  12:35  Hydralisk  
  183  12:36  Hydralisk x2  
  171  12:39  Zergling x6  
  171  12:41  Hydralisk  
  171  12:42  Unknown  
  175  12:47  Hatchery  
  175  12:50  Zergling x14  
  177  12:57  Hydralisk  
  177  12:58  Hydralisk x2  
  167  13:01  Hydralisk x2  
  167  13:02  Overseer x3  
  164  13:07  Adaptive Talons  
  164  13:09  Zergling x10  
  167  13:15  Hydralisk x3  
  167  13:19  Lurker  
  168  13:21  Zergling x2  
  168  13:26  Zergling x2  
  168  13:27  Zergling x6  
  167  13:33  Hydralisk x3  
  163  13:36  Hydralisk x2  
  163  13:39  Hydralisk x2  
  149  13:48  Hydralisk x3  
  149  13:50  Overseer x3  
  149  13:54  Hydralisk x3  
  151  13:56  Zergling x2  
  151  13:57  Zergling x2  
  144  14:03  Zergling x12  
  138  14:17  Zergling x18  
  138  14:22  Overseer  
  138  14:23  Hydralisk x4  
  151  14:28  Zergling x10  
  141  14:35  Zergling x4  
Tags
 
Add a new tag
Caveats
  • Supply blocks, unpowered buildings, or Contaminate may cause inaccurate times.
  • Supply counts are checked every 10 seconds.